 Dungeon Crawl Stone Soup version 0.29.1-12-g30fa7ad0bf (webtiles) character file.

Game seed: 6989365690986607315

585 ThatPearl the Firebug (level 6, -1/51 HPs)
             Began as a Demigod Fire Elementalist on Jan 12, 2023.
             Slain by Duvessa
             ... wielding a +0 rapier
              (5 damage)
             ... on level 4 of the Dungeon.
             The game lasted 00:13:01 (5845 turns).

ThatPearl the Firebug (Demigod Fire Elementalist)   Turns: 5845, Time: 00:13:02

Health: -1/51      AC:  5    Str:  9    XL:     6   Next: 91%
Magic:  14/14      EV: 12    Int: 25    God:
Gold:   231        SH:  0    Dex: 14    Spells: 9/12 levels left

rFire   . . .      SeeInvis .   b - +2 dagger (venom)
rCold   . . .      Faith    .   (no shield)
rNeg    . . .      Spirit   .   f - +0 robe
rPois   .          Reflect  .   l - +0 helmet
rElec   .          Harm     .   (no cloak)
rCorr   .          Rampage  .   t - +0 pair of gloves
Will    .....                   k - +0 pair of boots
Stlth   ++........              (no amulet)
HPRegen 0.17/turn               (no ring)
MPRegen 0.14/turn               (no ring)

@: no status effects
A: high MP 1, forlorn, divine attributes
a: no special abilities


You were on level 4 of the Dungeon.
You visited 1 branch of the dungeon, and saw 4 of its levels.

You collected 231 gold pieces.

Inventory:

Hand Weapons
 a - a +0 sling
 b - a +2 dagger of venom (weapon)
 c - a +0 whip
 d - a +3 vorpal scythe
 m - a +1 vampiric whip
 G - a +0 morningstar
Missiles
 i - 5 silver javelins
 q - 5 poisoned darts
 x - 4 boomerangs
 E - 14 stones
Armour
 f - a +0 robe (worn)
 k - a +0 pair of boots (worn)
 l - a +0 helmet (worn)
 t - a +0 pair of gloves (worn)
 F - a +0 kite shield
Scrolls
 e - 2 scrolls of teleportation {unknown}
 j - 2 scrolls of vulnerability {unknown}
 o - a scroll of butterflies {unknown}
 v - 2 scrolls of poison
 y - a scroll of amnesia {unknown}
 A - a scroll of enchant armour {unknown}
Potions
 h - a potion of magic
 n - a potion of ambrosia
 r - 3 potions of berserk rage
 s - 3 potions of might
 B - a potion of heal wounds {unknown}
 C - a potion of attraction {unknown}
 D - a potion of flight {unknown}


   Skills:
 + Level 3.2 Fighting
 - Level 1.7 Dodging
 - Level 1.7 Stealth
 + Level 3.6 Spellcasting
 + Level 3.4 Conjurations
 + Level 4.4 Fire Magic


You had 9 spell levels left.
You knew the following spells:

 Your Spells              Type           Power      Damage    Failure   Level
f - Foxfire               Conj/Fire      96%        2x1d8     1%          1
s - Scorch                Fire           52%        2d8       2%          2

Your spell library contained the following spells:

 Spells                   Type           Power      Damage    Failure   Level
 Conjure Flame            Conj/Fire      24%        6-21      6%          3
 Inner Flame              Hex/Fire       15%        N/A       12%         3
 Flame Wave               Conj/Fire      24%        2d8       19%         4
 Gell's Gravitas          Tloc           4%         N/A       28%         3
 Lesser Beckoning         Tloc           4%         N/A       28%         3
 Teleport Other           Tloc           4%         N/A       28%         3


Dungeon Overview and Level Annotations

Branches:
Dungeon (4/15)
 Temple: D:4-7

Annotations:
D:4 Dowan, Duvessa


Innate Abilities, Weirdness & Mutations

You have an increased reservoir of magic. (+10% MP)
You shall have no god before yourself.
Your divine heritage dramatically boosts your attributes as you level up.


Message History

Dowan casts a spell.
Dowan blinks!
Dowan hits you with a +0 dagger.
* * * LOW HITPOINT WARNING * * *
You are too confused!
You bump into the rock wall.
Duvessa is no longer more vulnerable to fire.
Duvessa misses you. Dowan barely misses you. Dowan hits you with a +0 dagger.
* * * LOW HITPOINT WARNING * * *
Duvessa hits you with a +0 rapier.
* * * LOW HITPOINT WARNING * * *
Dowan casts a spell at you. The puff of flame hits you!
* * * LOW HITPOINT WARNING * * *
You feel better.
You feel less invigorated. Duvessa hits you with a +0 rapier.
* * * LOW HITPOINT WARNING * * *
As you read the scroll labelled OPRAITS FOYMP, it crumbles to dust.
It is a scroll of brand weapon.
Your +3 scythe emits a brilliant flash of light!
d - a +3 vorpal scythe Duvessa hits you but does no damage.
Dowan barely misses you.
As you read the scroll labelled SYASUI PIEME, it crumbles to dust.
Wisps of shadow whirl around you...
It was a scroll of summoning.
Duvessa hits you with a +0 rapier.
* * * LOW HITPOINT WARNING * * *
Dowan barely misses you. Duvessa attacks as you move away! Duvessa misses you.
Your giant cockroach bites Dowan but does no damage.
Your ball python completely misses Dowan.
Your ball python misses Dowan.
Your iguana closely misses Dowan.
Dowan attacks as you move away! Dowan hits you with a +0 dagger.
* * * LOW HITPOINT WARNING * * *
Duvessa attacks as you move away! Duvessa closely misses you.
Your giant cockroach bites Duvessa.
Your iguana bites Dowan but does no damage.
You barely miss Duvessa.
Duvessa is lightly wounded.
Dowan hits you but does no damage. Duvessa hits you with a +0 rapier.
You die...

#.....# ####.....#
#..#.....#
#..#.....#
#..#.....#
#..'.....#
##.#.....#####
########.##...S....#
..........#...le@..#
..........#....e...#
###.......#....B...#
..##'######........#
............#'###+##
............#.....#
............#.....#
.<.......[..##....#
....##########....#


You could see Duvessa, Dowan (ally target), a friendly iguana (summoned), a
friendly giant cockroach (summoned) and a friendly ball python (summoned).

Vanquished Creatures
  Sigmund (D:4)
  2 black bears (D:4)
  A jelly (D:2)
  7 gnolls
  4 adders (D:2)
  A worm (D:3)
  10 orcs
  5 endoplasms
  3 giant cockroaches (D:1)
  4 goblins
  9 hobgoblins
  3 jackals (D:2)
  4 quokkas
  2 ball pythons
  3 bats
  4 frilled lizards
  7 kobolds
  2 rats (D:1)
72 creatures vanquished.

Vanquished Creatures (others)
  120 foxfires
  2 withered plants (D:3)
122 creatures vanquished.

Grand Total: 194 creatures vanquished

Notes
Turn   | Place    | Note
-------+----------+-------------------------------------------
     0 | D:1      | ThatPearl the Demigod Fire Elementalist began the quest for
                  | the Orb.
     0 | D:1      | Reached XP level 1. HP: 14/14 MP: 5/5
    66 | D:1      | Reached skill level 1 in Conjurations
   340 | D:1      | Reached XP level 2. HP: 18/22 MP: 4/7
   996 | D:1      | Reached skill level 3 in Fire Magic
  1396 | D:2      | Reached skill level 1 in Fighting
  1618 | D:2      | Reached XP level 3. HP: 9/28 MP: 5/8
  2563 | D:2      | Learned a level 2 spell: Scorch
  2659 | D:2      | Reached XP level 4. HP: 36/36 MP: 2/10
  3594 | D:3      | Reached XP level 5. HP: 37/41 MP: 8/12
  4026 | D:3      | Noticed a +0 dagger
  4027 | D:3      | Noticed a +0 dagger
  4815 | D:4      | Noticed Sigmund
  5226 | D:4      | Noticed a black bear
  5228 | D:4      | Noticed a black bear
  5252 | D:4      | Killed a black bear
  5253 | D:4      | Reached XP level 6. HP: 29/50 MP: 13/13
  5489 | D:4      | Reached skill level 4 in Fire Magic
  5561 | D:4      | Killed Sigmund
  5825 | D:4      | Noticed Duvessa
  5825 | D:4      | Noticed Dowan
  5845 | D:4      | Slain by Duvessa

Illustrated notes

Levels and vault maps discovered:
D:1:      minmay_arrival_cross, layout_basic, grunt_decor_junction
D:2:      layout_basic
D:3:      layout_basic, dancing_weapons_uskayaw,
          mainiacjoe_overflow_catch_the_wave, ebering_ecumenical_altar_petrified
D:4:      layout_gridville, kennysheep_path_1, minivault_1, uniq_sigmund,
          uniq_duvessa

Skill      XL: |  1  2  3  4  5  6 |
---------------+-------------------+-----
Conjurations   | 1 2 3 |  3.4
Spellcasting   | 2 3 |  3.6
Fire Magic     | 3 4 |  4.4
Fighting       | 1 2 3 |  3.2
Dodging        | |  1.7
Stealth        | |  1.7

Action                   |  1- 3 |  4- 6 || total
-------------------------+-------+-------++-------
Melee: Whip              |    27 |       ||    27
       Dagger            |    20 |    15 ||    35
 Fire: Sling             |    10 |       ||    10
 Cast: Foxfire           |    36 |    40 ||    76
       Scorch            |     3 |    34 ||    37
  Use: Potion            |       |     5 ||     5
       Scroll            |       |     6 ||     6
 Stab: Sleeping          |     5 |     2 ||     7
Armor: Robe              |    24 |    24 ||    48
Dodge: Dodged            |    52 |    53 ||   105
